Workbook

Sheet Full Budget
A1: Table 1. Full Result-based Budget | J1: Table 3. Budget per participating organization
A2: Outcome | B2: Output | C2: Activities | D2: Expenditure category | E2: Description of expenditure | F2: Estimated amount | G2: PSC | H2: % of Funding | J2: Activities | K2: Total | L2: Leading organization | M2: Participating organization 2 | N2: Participating organization 3 | O2: Participating organization 4
A3: Outcome 1 - Insert Title | B3: Output1.1 - Insert Title | C3: Activity1.1.1 - insert title | G3: =F3*0.07 -> 0 | H3: =F3/$F$26 -> #DIV/0! | J3: =C3 -> Activity1.1.1 - insert title | K3: =F3 -> 0
C4: Activity1.1.2 - insert title | G4: =F4*0.07 -> 0 | H4: =F4/$F$26 -> #DIV/0! | J4: =C4 -> Activity1.1.2 - insert title | K4: =F4 -> 0
C5: Activity1.1.2 - insert title | G5: =F5*0.07 -> 0 | H5: =F5/$F$26 -> #DIV/0! | J5: =C5 -> Activity1.1.2 - insert title | K5: =F5 -> 0
B6: Output1.2 - Insert Title | C6: Activity1.2.1… | G6: =F6*0.07 -> 0 | H6: =F6/$F$26 -> #DIV/0! | J6: =C6 -> Activity1.2.1… | K6: =F6 -> 0
C7: … | G7: =F7*0.07 -> 0 | H7: =F7/$F$26 -> #DIV/0! | J7: =C7 -> … | K7: =F7 -> 0
A8: Outcome 2 - Insert Title | B8: Output2.1 - Insert Title | C8: Activity 2.1.1 - insert title | G8: =F8*0.07 -> 0 | H8: =F8/$F$26 -> #DIV/0! | J8: =C8 -> Activity 2.1.1 - insert title | K8: =F8 -> 0
C9: Activity 2.1.2 - insert title | G9: =F9*0.07 -> 0 | H9: =F9/$F$26 -> #DIV/0! | J9: =C9 -> Activity 2.1.2 - insert title | K9: =F9 -> 0
C10: Activity 2.1.2 - insert title | G10: =F10*0.07 -> 0 | H10: =F10/$F$26 -> #DIV/0! | J10: =C10 -> Activity 2.1.2 - insert title | K10: =F10 -> 0
B11: Output2.2 - Insert Title | C11: Activity 2.2.1 | G11: =F11*0.07 -> 0 | H11: =F11/$F$26 -> #DIV/0! | J11: =C11 -> Activity 2.2.1 | K11: =F11 -> 0
C12: … | G12: =F12*0.07 -> 0 | H12: =F12/$F$26 -> #DIV/0! | J12: =C12 -> … | K12: =F12 -> 0
A13: Outcome 3 - Insert Title | B13: Output3.1 - Insert Title | C13: Activity 3.1.1 | G13: =F13*0.07 -> 0 | H13: =F13/$F$26 -> #DIV/0! | J13: =C13 -> Activity 3.1.1 | K13: =F13 -> 0
C14: … | G14: =F14*0.07 -> 0 | H14: =F14/$F$26 -> #DIV/0! | J14: =C14 -> … | K14: =F14 -> 0
C15: … | G15: =F15*0.07 -> 0 | H15: =F15/$F$26 -> #DIV/0! | J15: =C15 -> … | K15: =F15 -> 0
B16: Output 3.2 - Insert Title | C16: … | G16: =F16*0.07 -> 0 | H16: =F16/$F$26 -> #DIV/0! | J16: =C16 -> … | K16: =F16 -> 0
C17: … | G17: =F17*0.07 -> 0 | H17: =F17/$F$26 -> #DIV/0! | J17: =C17 -> … | K17: =F17 -> 0
A18: Outcome 4 - Insert Title | B18: Output 4.1 - Insert Title | C18: Activity 4.1.1 | G18: =F18*0.07 -> 0 | H18: =F18/$F$26 -> #DIV/0! | J18: =C18 -> Activity 4.1.1 | K18: =F18 -> 0
G19: =F19*0.07 -> 0 | H19: =F19/$F$26 -> #DIV/0! | J19: =C19 -> 0 | K19: =F19 -> 0
G20: =F20*0.07 -> 0 | H20: =F20/$F$26 -> #DIV/0! | J20: =C20 -> 0 | K20: =F20 -> 0
B21: Output 4.2 - Insert Title | C21: Activity 4.2.1 | G21: =F21*0.07 -> 0 | H21: =F21/$F$26 -> #DIV/0! | J21: =C21 -> Activity 4.2.1 | K21: =F21 -> 0
C22: … | G22: =F22*0.07 -> 0 | H22: =F22/$F$26 -> #DIV/0! | J22: =C22 -> … | K22: =F22 -> 0
A23: Project management | D23: 1. Staff and other personnel | E23: Staff cost | G23: =F23*0.07 -> 0 | H23: =F23/$F$26 -> #DIV/0! | J23: 1. Staff and other personnel | K23: =F23 -> 0 | L23: =K23 -> 0
D24: 5. Travel | E24: Travel | G24: =F24*0.07 -> 0 | H24: =F24/$F$26 -> #DIV/0! | J24: 5. Travel | K24: =F24 -> 0 | L24: =K24 -> 0
A25: Programme support cost (7%) | G25: =SUM(G3:G24) -> 0 | H25: 0.07 | J25: Programme support cost (7%) | K25: =G25 -> 0 | L25: =K25 -> 0
A26: Project Total | F26: =SUM(F3:F24)+G25 -> 0 | H26: 1
A30: Table 2. Aligment with KBF Outcomes
A31: Project's Outcome | C31: KBF's Outcome | D31: Budget
A32: Outcome1…
A33: Outcome2…
A34: Outcome 3… | B34: Output3.1…
A35: Outcome 4… | B35: Output 4.1…
A36: Project Management | B36: Staff and personnel
B37: Travel
A38: PSC . | D38: =SUM(D32:D37)*0.07 -> 0
A39: Project Total Cost . | D39: =SUM(D32:D38) -> 0

Sheet Categories and Outcomes
A1: UN BUDGET CATEGORIES
A2: 1. Staff and other personnel
A3: 2. Supplies, Commodities, Materials
A4: 3. Equipment, Vehicles, and Furniture (incl. depreciation)
A5: 4. Contractual services
A6: 5. Travel
A7: 6. Transfers and Grants to Counterparts
A8: 7. General Operating and Other Direct Costs
A9: 8. Indirect Support Costs (Max. 7%)
A12: KBF's Outcome
A13: Outcome 1: Restored and protected ecosystems to improve biodiversity and ecosystem services
A14: Outcome 2: Biodiversity effectively mainstreamed into policies, regulations, planning and strategies
... A19: Outcome 7: Strengthened resource mobilization for biodiversity conservation.

Sheet Summary of Budget
A1: UN BUDGET CATEGORIES | B1: TOTAL
A2: 1. Staff and other personnel | B2: =SUMIF('Full Budget'!D3:D24,A2,'Full Budget'!F3:F24) -> 0
A3: 2. Supplies, Commodities, Materials | B3: =SUMIF('Full Budget'!D3:D24,A3,'Full Budget'!F3:F24) -> 0
A4: 3. Equipment, Vehicles, and Furniture (incl. depreciation) | B4: =SUMIF('Full Budget'!D3:D24,A4,'Full Budget'!F3:HE24) -> 0
A5: 4. Contractual services | B5: =SUMIF('Full Budget'!D3:D24,A5,'Full Budget'!F3:F24) -> 0
A6: 5. Travel | B6: =SUMIF('Full Budget'!D3:D24,A6,'Full Budget'!F3:F24) -> 0
A7: 6. Transfers and Grants to Counterparts | B7: =SUMIF('Full Budget'!D3:D24,A7,'Full Budget'!F3:F24) -> 0
A8: 7. General Operating and Other Direct Costs | B8: =SUMIF('Full Budget'!D3:D24,A8,'Full Budget'!F3:F24) -> 0
A9: Total Direct Costs | B9: =SUM(B2:B8) -> 0
A10: 8. Indirect Support Costs (Max. 7%) | B10: =B9*0.07 -> 0
A11: TOTAL Costs | B11: =B9+B10 -> 0
